 Dungeon Crawl Stone Soup version 0.17.0-26-gececa24 (console) character file.

25 Garrluk the Conjurer (level 2, -5/20 HPs)
             Began as a Draconian Conjurer on Nov 20, 2015.
             Killed by nerve-wracking pain
             ... invoked by Jessica
              (9 damage)
             ... on level 2 of the Dungeon.
             The game lasted 00:01:46 (694 turns).

Garrluk the Conjurer (Draconian Conjurer)            Turns: 694, Time: 00:01:46

Health: -5/20      AC:  4    Str: 10    XL:     2   Next: 86%
Magic:  3/5        EV: 12    Int: 15    God:
Gold:   0          SH:  0    Dex: 11    Spells: 1 memorised, 4 levels left

rFire  . . .     SeeInvis .     f - +0 dagger
rCold  . . .     Clarity  .     (armour unavailable)
rNeg   . . .     SustAt   .     (no shield)
rPois  .         Gourm    .     (helmet restricted)
rElec  .         Spirit   .     (no cloak)
rCorr  .         Warding  .     (no gloves)
rMut   .         Stasis   .     (no boots)
MR     +....                    (no amulet)
Stlth  +.........               (no ring)
                                c - ring of protection from magic

@: confused, flying, somewhat resistant to hostile enchantments, very unstealthy
A: unfitting armour, cold-blooded, AC +4
a: no special abilities


You were on level 2 of the Dungeon.
You were not hungry.

You visited 1 branch of the dungeon, and saw 2 of its levels.

Notes
Turn   | Place    | Note
--------------------------------------------------------------
     0 | D:1      | Garrluk the Draconian Conjurer began the quest for the Orb.
     0 | D:1      | Reached XP level 1. HP: 14/14 MP: 3/3
     6 | D:1      | Noticed a polar bear
     6 | D:1      | Noticed a water moccasin
     7 | D:1      | Noticed a hog
   293 | D:1      | Reached XP level 2. HP: 17/20 MP: 1/5
   425 | D:1      | Found a sparkling altar of Nemelex Xobeh.
   668 | D:2      | Noticed Jessica
   694 | D:2      | Killed from afar by Jessica

Inventory:

Hand Weapons
 f - a +0 dagger (weapon)
   (You took it off a kobold on level 1 of the Dungeon)
Jewellery
 c - a ring of protection from magic (left hand)
   (You found it on level 1 of the Dungeon)
Scrolls
 g - 3 scrolls of amnesia {unknown}
 h - a scroll of teleportation {unknown}
 i - 3 scrolls of identify {unknown}
 k - a scroll of fear {unknown}
Potions
 e - a potion of flight
Books
 a - a book of Conjurations

   Spells                             Type                      Level
   a - Magic Dart                     Conjuration                  1
   b - Searing Ray                    Conjuration                  2
   c - Dazzling Spray                 Conjuration/Hexes            3
   d - Fulminant Prism                Conjuration/Hexes            4
   e - Iskenderun's Mystic Blast      Conjuration                  4
   f - Iskenderun's Battlesphere      Conjuration/Charms           5
 l - a book of Conjurations
   (You found it on level 2 of the Dungeon)

   Spells                             Type                      Level
   a - Magic Dart                     Conjuration                  1
   b - Searing Ray                    Conjuration                  2
   c - Dazzling Spray                 Conjuration/Hexes            3
   d - Fulminant Prism                Conjuration/Hexes            4
   e - Iskenderun's Mystic Blast      Conjuration                  4
   f - Iskenderun's Battlesphere      Conjuration/Charms           5
Comestibles
 b - 2 bread rations
 j - a beef jerky
 m - a chunk of flesh

Table legend:
 A = Turns spent in this place as a percentage of turns spent in the entire game.
 B = Non-inter-level travel turns spent in this place as a percentage of non-inter-level travel turns spent in the entire game.
 C = Inter-level travel turns spent in this place as a percentage of turns spent in this place.
 D = Turns resting spent in this place as a percentage of non-inter-level travel turns spent in this place.
 E = Turns spent auto-exploring this place as a percentage of non-inter-level travel turns spent in this place.
 F = Non-inter-level travel turns spent in this place divided by the number of levels of this place that you've seen.
                   A       B       C       D       E      F
               +-------+-------+-------+-------+-------+----------------------
         Total | 100.0 | 100.0 |   1.0 |   0.0 |  16.3 | 104.0
       Dungeon | 100.0 | 100.0 |   1.0 |   0.0 |  16.3 | 104.0
               +-------+-------+-------+-------+-------+----------------------


   Skills:
 - Level 1.7 Dodging
 - Level 1.7 Stealth
 + Level 2.4 Spellcasting
 * Level 4.6 Conjurations


You had 4 spell levels left.
You knew the following spells:

 Your Spells              Type           Power        Failure   Level  Hunger
a - Magic Dart            Conj           ###.         3%          1    #......


Dungeon Overview and Level Annotations

Branches:
Dungeon (2/15)

Altars:
Nemelex Xobeh

Annotations:
D:2 Jessica


Innate Abilities, Weirdness & Mutations

Your plain brown scales are hard (AC +4).
Your body does not fit into most forms of armour.
You are cold-blooded and may be slowed by cold attacks.


Message History

c - a ring of protection from magic (left hand)
You bump into the rock wall.
Jessica zaps a wand.
You resist with almost no effort.
Unknown command.
You're too confused!
Unknown command.
Unknown command.
Jessica zaps a wand.
You are more confused.
Jessica zaps a wand.
You resist with almost no effort.
Jessica looks very angry.
Jessica casts a spell.
Jessica blinks!
You bump into the rock wall.
You bump into the rock wall.
Jessica shouts, "You're disturbing me!
I'll have to kill you!"
Jessica zaps a wand.
You resist with almost no effort.
You're too confused to move!
Jessica gestures at you while chanting. Pain shoots through your body!
You die...

#..........##.......
#.........).%.....§.
..<..#....####......
..#(................
...........###......
..####...@.# ... #.###.#
.. #.###.# # #.#.#.#
#.#.#.# #.#.#@#
####.#...# #......###
#......# #...)..#
#......# #......#
#.....÷# ###### #..)...#
#.....
#......##################
####(.......)...........#


You could see Jessica.

Table legend:
 A = Kills in this place as a percentage of kills in entire the game.
 B = Kills by you in this place as a percentage of kills by you in the entire game.
 C = Kills by friends in this place as a percentage of kills by friends in the entire game.
 D = Other kills in this place as a percentage of other kills in the entire game.
 E = Experience gained in this place as a percentage of experience gained in the entire game.
 F = Experience gained in this place divided by the number of levels of this place that you have seen.
                   A       B       C       D       E      F
               +-------+-------+-------+-------+-------+----------------------
         Total | 100.0 | 100.0 |  -nan |  -nan | 100.0 |  18.5
       Dungeon | 100.0 | 100.0 |  -nan |  -nan | 100.0 |  18.5
               +-------+-------+-------+-------+-------+----------------------

Vanquished Creatures
  Monster Symbol All 'J'
  An ooze (D:1)
1 creature vanquished. All 'K' 5 kobolds
5 creatures vanquished. All 'b' 2 bats (D:1)
2 creatures vanquished. All 'g' A goblin (D:2) 5 hobgoblins
6 creatures vanquished. All 'l' 3 giant newts (D:2)
3 creatures vanquished. All 'r' 3 rats
3 creatures vanquished. All 's' A giant cockroach (D:1)
1 creature vanquished.
21 creatures vanquished. Monster Nature Natural Monsters An ooze (D:1) 2 bats (D:1) A goblin (D:2) 5 hobgoblins 5 kobolds A giant cockroach (D:1) 3 giant newts (D:2) 3 rats
21 creatures vanquished.
21 creatures vanquished. Ascending Order An ooze (D:1) A goblin (D:2) A giant cockroach (D:1) 2 bats (D:1) 3 rats 3 giant newts (D:2) 5 kobolds 5 hobgoblins
21 creatures vanquished.

Action                   || total
-------------------------++-------
Melee: Dagger            ||    27
 Cast: Magic Dart        ||    31
  Use: Potion            ||     2
 Stab: Sleeping          ||     1
